 Dungeon Crawl Stone Soup version 0.30.0-13-g156ef70053 (webtiles) character file.

Game seed: 17432131867839847010

4208 Sobieck the Thaumaturge (level 10, -7/44 HPs)
             Began as a Spriggan Earth Elementalist on May 18, 2023.
             Was a Follower of Vehumet.
             Engulfed by a cloud of steam (17 damage)
             ... on level 8 of the Dungeon.
             The game lasted 00:21:30 (8255 turns).

Sobieck the Thaumaturge (SpEE)                      Turns: 8255, Time: 00:21:31

Health: -7/44      AC:  6    Str:  4    XL:     10   Next: 8%
Magic:  22/25      EV: 23    Int: 29    God:    Vehumet [*.....]
Gold:   343        SH:  5    Dex: 15    Spells: 19/29 levels left

rFire   . . .        a - +4 dagger (protect) {short}
rCold   + . .        M - +0 buckler of the Hippo {Int+7}
rNeg    . . .        g - +1 robe
rPois   .            (helmet restricted)
rElec   .            N - +2 cloak {rCorr}
rCorr   +            (gloves unavailable)
SInv    +            (boots unavailable)
Will    +....        h - amulet of regeneration {@e2}
Stlth   +++          L - ring of protection from cold
HPRegen 1.07/turn    y - +5 ring of evasion
MPRegen 0.19/turn

%: no passive effects
@: invisible, very quick
A: very small, no large weapons, unfitting armour, see invisible, speed 3
a: Renounce Religion


You were on level 8 of the Dungeon.
You worshipped Vehumet.
Vehumet was aware of your devotion.
You visited 2 branches of the dungeon, and saw 9 of its levels.

You collected 458 gold pieces.
You spent 115 gold pieces at shops.


Innate Abilities, Weirdness & Mutations

You are very small and have problems with some larger weapons.
You are too small for most types of armour.
You have supernaturally acute eyesight. (SInv)
You cover ground extremely quickly. (Speed+++)


   Skills:
 - Level 3.7 Short Blades
 - Level 5.8 Dodging
 - Level 6.9 Stealth
 - Level 3.0 Shields
 + Level 10.1 Spellcasting
 - Level 6.0 Transmutations
 + Level 7.8 Earth Magic


You had 19 spell levels left.
You knew the following spells:

 Your Spells              Type           Power      Damage    Failure   Level
a - Sandblast             Erth           100%       2d20      1%          1
b - Passwall              Tmut/Erth      44%        N/A       1%          2
c - Stone Arrow           Conj/Erth      74%        3d11      4%          3
d - Petrify               Tmut/Erth      53%        N/A       4%          4

Your spell library contained the following spells:

 Spells                   Type           Power      Damage    Failure   Level
 Kiss of Death            Conj/Necr      56%        2d9       7%          1
 Sting                    Tmut/Pois      100%       1d8       1%          1
 Summon Small Mammal      Summ           56%        N/A       7%          1
 Poisonous Vapours        Pois/Air       28%        N/A       11%         2
 Call Canine Familiar     Summ           14%        N/A       21%         3
 Dazzling Flash           Conj/Hex       28%        N/A       21%         3
 Summon Guardian Golem    Hex/Summ       14%        N/A       21%         3
 Volatile Blastmotes      Fire/Tloc      28%        2d12      21%         3
 Anguish                  Hex/Necr       7%         N/A       56%         4
 Cause Fear               Hex            7%         N/A       56%         4
 Iskenderun's Mystic Bla  Conj/Tloc      14%        2d5       56%         4
 Olgreb's Toxic Radiance  Pois           14%        N/A       56%         4
 Starburst                Conj/Fire      7%         6d4       100%        6
 Enfeeble                 Hex            7%         N/A       100%        7

Inventory:

Hand Weapons
 a - a +4 dagger of protection (weapon) {short}
   (You took it off a goblin on level 2 of the Dungeon)
 c - a +3 spear {polearm}
   (You took it off a gnoll on level 4 of the Dungeon)
 s - a +3 whip of freezing {mace}
   (You found it on level 2 of the Dungeon)
 u - a +2 flail of protection {mace}
   (You took it off an orc on level 4 of the Dungeon)
 v - a +0 dagger {short}
   (You took it off a goblin on level 1 of the Dungeon)
 D - a +1 whip of electrocution {mace}
   (You found it on level 4 of the Dungeon)
 H - a +2 antimagic shortbow {bow}
   (You took it off a centaur on level 5 of the Dungeon)
 I - a +0 flail of holy wrath {mace}
   (You took it off an orc warrior on level 4 of the Dungeon)
 J - a +0 dagger of protection {short}
   (You took it off an orc wizard on level 5 of the Dungeon)
 S - a +4 short sword of freezing {short}
   (You took it off a wight on level 6 of the Dungeon)
 W - a +1 falchion {long}
   (You took it off a wight on level 6 of the Dungeon)
Missiles
 i - 61 stones {throwing}
 n - 23 poisoned darts {throwing}
 w - 5 boomerangs {throwing}
Armour
 g - a +1 robe (worn)
 M - the +0 buckler of the Hippo (worn) {Int+7}
   (You acquired it on level 5 of the Dungeon)

   Int:       It affects your intelligence (+7).
 N - a +2 cloak of preservation (worn)
   (You found it on level 5 of the Dungeon)
 O - a +0 robe
   (You took it off an orc wizard on level 6 of the Dungeon)
 Q - a +0 robe
   (You took it off Pikel on level 6 of the Dungeon)
 R - a +0 robe
   (You took it off Sigmund on level 6 of the Dungeon)
 T - a +0 robe
   (You took it off a wight on level 6 of the Dungeon)
 U - a +0 robe
   (You took it off a wight on level 6 of the Dungeon)
 V - a +0 robe
   (You took it off a wight on level 6 of the Dungeon)
 X - a +0 robe
   (You took it off a wight on level 6 of the Dungeon)
 Z - a +0 robe
   (You took it off a wight on level 6 of the Dungeon)
Magical Staves
 C - a staff of air {!astaff}
   (You found it on level 4 of the Dungeon)
Jewellery
 h - an amulet of regeneration (around neck) {@e2}
   (You found it on level 1 of the Dungeon)
 j - a ring of resist corrosion
   (You found it on level 1 of the Dungeon)
 y - a +5 ring of evasion (right hand)
   (You found it on level 3 of the Dungeon)
 K - an amulet of the acrobat
   (You found it on level 7 of the Dungeon)
 L - a ring of protection from cold (left hand)
   (You bought it in a shop on level 5 of the Dungeon)
Wands
 F - a wand of flame (3)
   (You found it on level 7 of the Dungeon)
 P - a wand of paralysis (3)
   (You found it on level 6 of the Dungeon)
 Y - a wand of quicksilver (11)
   (You found it on level 6 of the Dungeon)
Scrolls
 k - 6 scrolls of teleportation {@r4}
 m - 3 scrolls of magic mapping {!r}
 o - 3 scrolls of vulnerability {!r!r}
 z - 2 scrolls of noise {!r}
 A - 2 scrolls of immolation {!r!r}
 E - a scroll of enchant armour
 G - 2 scrolls of poison {!r}
Potions
 b - 2 potions of brilliance {unknown}
 d - 6 potions of attraction {!q}
 e - 3 potions of mutation {unknown}
 f - 2 potions of might
 l - a potion of resistance
 p - 2 potions of haste {@q3}
 q - a potion of magic
 r - a potion of invisibility
 t - 2 potions of flight
 x - 3 potions of lignification {!q}
 B - 3 potions of curing {@q1}

Dungeon Overview and Level Annotations

Branches:
Dungeon (8/15) Zot: 26989  Temple (1/1) D:6 Zot: 5957    Lair (0/5) D:8

Altars:
Ashenzari
Cheibriados
Fedhas
Gozag
Hepliaklqana
Makhleb
Nemelex Xobeh
Okawaru
Qazlal
Ru
Sif Muna
Trog
Uskayaw
Vehumet
Wu Jian
Xom
Yredelemnul
Zin

Shops:
D:5

* #### ##.
##...###
#...###.....#.
...#..... >. .
#...#.? ..
..#...#§###.##
.......§§.#..###..
###....§§§#.......
#..#.§@§§§# #.
#...§§§# #§§#.§§#
######§.. ....#
.##.# # .# .>


There were no monsters in sight!


Message History

You add the spells Sting, Poisonous Vapours and Olgreb's Toxic Radiance to your library.
Unknown command.
A wight comes into view. It is wielding a +0 falchion.
You see here 13 gold pieces.
Danger!
Casting: Passwall (safe; 1% risk of failure)
Confirm with . or Enter, or press ? or * to list all spells.
Aiming: Passwall (safe; 1% risk of failure)
Press: ? - help, Dir - move target A rock wall.
You begin to meditate on the wall.
You continue meditating on the rock. x3
You finish merging with the rock.
Danger!
The helpless wight fails to defend itself.
You perforate the wight like a sieve!!!
Your weapon exudes an aura of protection.
You destroy the wight!
Vehumet accepts your kill.
Unknown command.
e - 3 sedimented ruby potions (gained 2)
k - 6 scrolls of teleportation {@r4} (gained 1)
You now have 331 gold pieces (gained 13).
Found a stone staircase leading down.
i - 61 stones {throwing} (gained 3)
You see here a +0 flail {mace}.
You now have 343 gold pieces (gained 12).
Unknown command.
Unknown command.
Things that are here:
a +0 falchion {long}; a +0 robe You see here a +0 long sword {long}.
There is a stone staircase leading up here.
You see here a +3 sling.
Done exploring.
Unknown command.
Casting: Passwall (safe; 1% risk of failure)
Confirm with . or Enter, or press ? or * to list all spells.
Okay, then.
Unknown command.
Done exploring.
(D) Dungeon (T) Temple
Where to? (Enter - D:6 @ (x,y), ? - help)
You see here a +1 pair of boots.
There is a stone staircase leading down here.
You climb downwards.
You hear the hiss of flowing sand.
There is an entrance to an ossuary on this level.
Hurry and find it before the portal is buried!
Found an escape hatch in the ceiling.
Found a stone staircase leading down.
There is a stone staircase leading up here.
Unknown command.
Unknown command.
Unknown command.
Found a staircase to the Lair.
Unknown command.
You can't see any susceptible monsters within range! (Use Z to cast anyway.)
A steam dragon comes into view.
The steam dragon hisses angrily.
Danger!
The blast of sand hits the steam dragon!
Unknown command.
The blast of sand hits the steam dragon!
The steam dragon breathes steam at you. The ball of steam hits you!!
Ouch! That really hurt!
* * * LOW HITPOINT WARNING * * *
You hear two shouts!
Casting: Sandblast (safe; 1% risk of failure)
Confirm with . or Enter, or press ? or * to list all spells.
Aiming: Sandblast (safe; 1% risk of failure)
Press: ? - help, Shift-Dir - straight line, f/p - steam dragon
Aim: a steam dragon (steam, severely wounded, catching its breath, 85% to hit)
The blast of sand misses the steam dragon.
You are engulfed in a cloud of scalding steam.
* * * LOW HITPOINT WARNING * * *
The steam dragon bites you.
* * * LOW HITPOINT WARNING * * *
You block the steam dragon's attack.
Unknown command.
The steam dragon breathes steam at you. The ball of steam misses you.
Unknown command.
Unknown command.
Casting: Sandblast (safe; 1% risk of failure)
Confirm with . or Enter, or press ? or * to list all spells.
Aiming: Sandblast (safe; 1% risk of failure)
Press: ? - help, Shift-Dir - straight line, f - you
Okay, then.
Unknown command.
You fade into invisibility!
Danger!
Casting: Sandblast (safe; 1% risk of failure)
Confirm with . or Enter, or press ? or * to list all spells.
Aiming: Sandblast (safe; 1% risk of failure)
Press: ? - help, Shift-Dir - straight line, f/p - steam dragon
Aim: a steam dragon (steam, severely wounded, unable to see you, catching its breath, 85% to hit)
The blast of sand hits the steam dragon!!
You kill the steam dragon!
Vehumet accepts your kill.
You are engulfed in a cloud of scalding steam.
You die...

Skill      XL: |  1  2  3  4  5  6  7  8  9 10 |
---------------+-------------------------------+-----
Dodging        | 3 4 5 |  5.8
Spellcasting   | 3 4 5 7 9 10 | 10.1
Transmutations | 2 3 5 6 |  6.0
Earth Magic    | 3 4 6 7 |  7.8
Short Blades   | 1 2 3 |  3.7
Stealth        | 4 5 6 |  6.9
Shields        | 3 |  3.0

Action                     |  1- 3 |  4- 6 |  7- 9 | 10-12 || total
---------------------------+-------+-------+-------+-------++-------
  Melee: Dagger            |       |       |     8 |     2 ||    10
   Fire: Sling             |    13 |    77 |    24 |       ||   114
  Throw: Dart              |       |       |     6 |       ||     6
   Cast: Sandblast         |    64 |    64 |   159 |     6 ||   293
         Passwall          |       |       |     5 |     2 ||     7
         Petrify           |       |       |     2 |       ||     2
         Stone Arrow       |       |       |     3 |       ||     3
    Use: Scroll            |       |    13 |     8 |       ||    21
         Potion            |       |       |       |     1 ||     1
   Stab: Sleeping          |       |       |     2 |     2 ||     4
         Petrified         |       |       |     2 |       ||     2
         Petrifying        |       |       |     1 |       ||     1
 Armour: Robe              |     6 |     1 |     7 |       ||    14
  Dodge: Dodged            |    16 |    30 |   138 |     1 ||   185
  Block: Buckler           |       |       |    15 |     1 ||    16

Levels and vault maps discovered:
D:1:      dpeg_arrival_houses_and_road, layout_basic
D:2:      minmay_thinvault, layout_basic
D:3:      layout_loops_ring, mainiacjoe_overflow_alcove_2
D:4:      layout_basic, amethyst_overflow_temple_binary,
          nicolae_ru_the_path_less_chosen, kennysheep_windowed_goal,
          uniq_menkaure, uniq_grinder
D:5:      layout_basic, nicolae_overflow_two_pavilions,
          fedhas_bush_and_centaur_altar, serial_shops,
          nicolae_shop_rolling_square
D:6:      nicolae_cairo_tiling_very_big, layout_basic,
          nicolae_qazlal_eye_of_the_storm, temple_doors_ab,
          minmay_misc_feat_roman, hex_medium, uniq_sigmund
D:7:      layout_cave_pools, ashenzari_altar_1, nicolae_wu_jian_wuxing_cycle,
          uniq_pikel, uniq_prince_ribbit1
D:8:      layout_cave_pools, grunt_dithmenos_smoke_and_mirrors,
          marbit_many_paths, minitemple, lair_entry_dummy,
          nicolae_ossuary_entry_giza, minmay_ruffians
Temple:   hellmonk_temple_two_chambers

Notes
Turn   | Place    | Note
-------+----------+-------------------------------------------
     0 | D:1      | Sobieck the Spriggan Earth Elementalist began the quest for
                  | the Orb.
     0 | D:1      | Reached XP level 1. HP: 9/9 MP: 5/5
   324 | D:1      | Reached XP level 2. HP: 13/13 MP: 4/6
   329 | D:1      | Reached skill level 3 in Dodging
   497 | D:1      | Reached skill level 3 in Spellcasting
   669 | D:1      | Reached skill level 2 in Transmutations
   717 | D:1      | Learned a level 2 spell: Passwall
  1094 | D:2      | Reached XP level 3. HP: 16/16 MP: 6/8
  1416 | D:2      | Reached skill level 3 in Earth Magic
  2068 | D:2      | Reached XP level 4. HP: 21/21 MP: 0/9
  2204 | D:2      | Reached skill level 1 in Short Blades
  2547 | D:3      | Reached skill level 4 in Stealth
  2704 | D:3      | Reached XP level 5. HP: 24/24 MP: 7/11
  2942 | D:3      | You pick up a book of Hexes and begin reading...
  2942 | D:3      | You add the spells Anguish, Cause Fear and Enfeeble to your
                  | library.
  3056 | D:3      | Reached skill level 4 in Dodging
  3122 | D:3      | Found a hazy altar of Hepliaklqana.
  3252 | D:3      | Reached skill level 3 in Transmutations
  3299 | D:4      | Noticed an ogre
  3310 | D:4      | Killed an ogre
  3311 | D:4      | Reached skill level 2 in Short Blades
  3353 | D:4      | Reached skill level 4 in Spellcasting
  3353 | D:4      | Reached XP level 6. HP: 28/28 MP: 9/13
  3554 | D:4      | Reached skill level 5 in Stealth
  3985 | D:4      | Noticed Menkaure
  4007 | D:3      | Killed Menkaure
  4079 | D:4      | Found an iron altar of Okawaru.
  4084 | D:4      | Found a hide-covered altar of Uskayaw.
  4180 | D:4      | Reached XP level 7. HP: 32/32 MP: 14/14
  4324 | D:4      | Reached skill level 4 in Transmutations
  4426 | D:4      | Found a sacrificial altar of Ru.
  4426 | D:4      | Noticed Grinder
  4431 | D:4      | Killed Grinder
  4432 | D:4      | Reached skill level 3 in Short Blades
  4432 | D:4      | Reached skill level 5 in Dodging
  4432 | D:4      | Reached skill level 5 in Spellcasting
  4432 | D:4      | Reached skill level 4 in Earth Magic
  4730 | D:5      | Entered Level 5 of the Dungeon
  4789 | D:5      | You pick up a book of Spectacle and begin reading...
  4789 | D:5      | You add the spells Volatile Blastmotes, Dazzling Flash,
                  | Iskenderun's Mystic Blast and Starburst to your library.
  4844 | D:4      | Learned a level 3 spell: Stone Arrow
  4864 | D:4      | Reached skill level 6 in Stealth
  4950 | D:5      | Found a blossoming altar of Fedhas.
  4979 | D:5      | Reached skill level 5 in Transmutations
  4984 | D:5      | Learned a level 4 spell: Petrify
  5323 | D:5      | Reached XP level 8. HP: 36/36 MP: 13/17
  5590 | D:5      | Found a snail-covered altar of Cheibriados.
  5590 | D:5      | Found a bloodstained altar of Trog.
  5638 | D:5      | Reached skill level 6 in Transmutations
  5709 | D:5      | Reached skill level 6 in Spellcasting
  5736 | D:5      | Found Zesepsow's Assorted Antiques.
  5745 | D:5      | Bought an ivory ring for 115 gold pieces
  5824 | D:5      | Reached skill level 5 in Earth Magic
  6191 | D:6      | Found a staircase to the Ecumenical Temple.
  6196 | Temple   | Entered the Ecumenical Temple
  6375 | D:6      | Noticed Sigmund
  6389 | D:6      | Killed Sigmund
  6390 | D:6      | Reached skill level 7 in Spellcasting
  6617 | D:6      | Reached skill level 6 in Earth Magic
  6617 | D:6      | Reached XP level 9. HP: 39/39 MP: 13/21
  6856 | D:5      | Identified a scroll of acquirement
  6856 | D:5      | Acquired the +0 buckler of the Hippo {Int+7}
  6945 | D:6      | Reached skill level 8 in Spellcasting
  7245 | D:6      | Found a stormy altar of Qazlal.
  7303 | Temple   | Became a worshipper of Vehumet
  7353 | D:6      | Reached skill level 1 in Shields
  7385 | D:7      | Noticed Pikel
  7414 | D:6      | Killed Pikel
  7445 | D:7      | Reached skill level 2 in Shields
  7508 | D:7      | Reached skill level 9 in Spellcasting
  7508 | D:7      | Reached skill level 7 in Earth Magic
  7645 | D:7      | You pick up a book of Callings and begin reading...
  7645 | D:7      | You add the spells Summon Small Mammal, Call Canine
                  | Familiar and Summon Guardian Golem to your library.
  7755 | D:7      | Found a broken altar of Ashenzari.
  7790 | D:7      | Found an ornate altar of the Wu Jian Council.
  7796 | D:7      | Reached skill level 3 in Shields
  7837 | D:7      | Noticed a troll
  7858 | D:7      | Killed a troll
  7863 | D:7      | Reached XP level 10. HP: 44/44 MP: 11/24
  7872 | D:7      | Reached * piety under Vehumet
  7872 | D:7      | Offered knowledge of Kiss of Death by Vehumet.
  7873 | D:7      | Reached skill level 10 in Spellcasting
  7974 | D:7      | Noticed Prince Ribbit
  7982 | D:7      | Killed Prince Ribbit
  8004 | D:7      | You add the spells Sting, Poisonous Vapours and Olgreb's
                  | Toxic Radiance to your library.
  8245 | D:8      | Found a staircase to the Lair.
  8251 | D:8      | HP: 7/44 [steam dragon (6)]
  8255 | D:8      | Engulfed by a cloud of steam

Vanquished Creatures
  Pikel (D:6)
  A troll (D:7)
  Prince Ribbit (D:7)
  Grinder (D:4)
  Sigmund (D:6)
  A wyvern (D:7)
  2 steam dragons
  Menkaure (D:3)
  2 orc warriors
  A black bear (D:7)
  2 ogres
  3 centaurs
  A lemure (D:6)
  2 phantoms
  A bullfrog (D:6)
  3 scorpions
  13 wights
  4 jellies
  7 hounds
  2 orc priests
  4 iguanas
  A sleepcap (D:7)
  2 orc wizards
  12 adders
  7 gnolls (D:4)
  3 white imps
  2 worms (D:2)
  15 orcs
  12 endoplasms
  4 giant cockroaches
  9 goblins
  11 hobgoblins
  3 jackals
  3 quokkas
  4 ball pythons
  7 bats
  4 frilled lizards
  10 kobolds
  4 rats
167 creatures vanquished.

Table legend:
 A = Non-vault XP
 B = Vault XP
 C = Vault XP percentage of total XP
 D = Non-vault monster count
 E = Vault monster count
 F = Vault count percentage of total count
                 A         B        C        D         E       F
            +---------+---------+-------+---------+---------+-------
      Total |    4518 |    1675 |  27.0 |     144 |      22 |  13.3
            +---------+---------+-------+---------+---------+-------
        D:1 |      37 |       0 |   0.0 |      22 |       0 |   0.0
        D:2 |      37 |      38 |  50.7 |      12 |      15 |  55.6
        D:3 |     118 |     169 |  58.9 |      20 |       1 |   4.8
        D:4 |     588 |     275 |  31.9 |      28 |       2 |   6.7
        D:5 |     727 |     112 |  13.3 |      16 |       1 |   5.9
        D:6 |    1236 |     807 |  39.5 |      28 |       2 |   6.7
        D:7 |    1594 |     274 |  14.7 |      17 |       1 |   5.6
        D:8 |     181 |       0 |   0.0 |       1 |       0 |   0.0
            +---------+---------+-------+---------+---------+-------

Skill      XL: |  1  2  3  4  5  6  7  8  9 10 |
---------------+-------------------------------+-----
Dodging        | 3 4 5 |  5.8
Spellcasting   | 3 4 5 7 9 10 | 10.1
Transmutations | 2 3 5 6 |  6.0
Earth Magic    | 3 4 6 7 |  7.8
Short Blades   | 1 2 3 |  3.7
Stealth        | 4 5 6 |  6.9
Shields        | 3 |  3.0

Action                     |  1- 3 |  4- 6 |  7- 9 | 10-12 || total
---------------------------+-------+-------+-------+-------++-------
  Melee: Dagger            |       |       |     8 |     2 ||    10
   Fire: Sling             |    13 |    77 |    24 |       ||   114
  Throw: Dart              |       |       |     6 |       ||     6
   Cast: Sandblast         |    64 |    64 |   159 |     6 ||   293
         Passwall          |       |       |     5 |     2 ||     7
         Petrify           |       |       |     2 |       ||     2
         Stone Arrow       |       |       |     3 |       ||     3
    Use: Scroll            |       |    13 |     8 |       ||    21
         Potion            |       |       |       |     1 ||     1
   Stab: Sleeping          |       |       |     2 |     2 ||     4
         Petrified         |       |       |     2 |       ||     2
         Petrifying        |       |       |     1 |       ||     1
 Armour: Robe              |     6 |     1 |     7 |       ||    14
  Dodge: Dodged            |    16 |    30 |   138 |     1 ||   185
  Block: Buckler           |       |       |    15 |     1 ||    16

Illustrated notes

Table legend:
 A = Kills in this place as a percentage of kills in the entire game.
 B = Kills by you in this place as a percentage of kills by you in the entire game.
 C = Kills by friends in this place as a percentage of kills by friends in the entire game.
 D = Other kills in this place as a percentage of other kills in the entire game.
 E = Experience gained in this place as a percentage of experience gained in the entire game.
 F = Experience gained in this place divided by the number of levels of this place that you have seen.
                   A       B       C       D       E      F
               +-------+-------+-------+-------+-------+----------------------
         Total | 100.0 | 100.0 |   N/A |   N/A | 100.0 | 688.1
       Dungeon | 100.0 | 100.0 |   N/A |   N/A | 100.0 | 774.1
               +-------+-------+-------+-------+-------+----------------------

Table legend: (Time is in decaauts)
 A = Elapsed time spent in this place.
 B = Non-inter-level travel time spent in this place.
 C = Inter-level travel time spent in this place.
 D = Time resting spent in this place.
 E = Time spent auto-exploring this place.
 F = Levels seen in this place.
 G = Mean time per level.
                   A        B        C        D        E       F      G
               +--------+--------+--------+--------+--------+-----+--------+
         Total |   6247 |   6029 |    218 |    619 |   4025 |   9 |  694.1 |
       Dungeon |   6205 |   5995 |    210 |    619 |   4025 |   8 |  775.6 |
        Temple |     42 |     35 |      7 |      0 |      0 |   1 |   42.0 |
               +--------+--------+--------+--------+--------+-----+--------+

Top non-repeatable levels by time:
     D:4: 1171 daAuts
     D:6: 1079 daAuts
     D:2: 1042 daAuts
     D:5: 889 daAuts
     D:1: 818 daAuts
     D:3: 668 daAuts
     D:7: 524 daAuts
  Temple: 42 daAuts
     D:8: 10 daAuts
